 Dungeon Crawl Stone Soup version 0.27.0-1-g7a089689b8 (webtiles) character file.

Game seed: 13598024595578313284

1392 sanka the Ducker (level 8, -1/48 HPs)
             Began as an Octopode Arcane Marksman on Aug 10, 2021.
             Slain by a gnoll sergeant (15 damage)
             ... on level 6 of the Dungeon.
             The game lasted 00:10:50 (7156 turns).

sanka the Ducker (Octopode Arcane Marksman)         Turns: 7156, Time: 00:10:50

Health: -1/48      AC:  3    Str: 10    XL:     8   Next: 68%
Magic:  9/9        EV: 16    Int: 16    God:
Gold:   81         SH:  0    Dex: 13    Spells: 8/9 levels left

rFire    . . .     SeeInvis .     - Unarmed
rCold    . . .     Faith    .   (no shield)
rNeg     . . .     Spirit   .   j - +2 hat
rPois    .         Reflect  .   (no amulet)
rElec    .         Harm     .   (no ring)
rCorr    .         Rampage  .   (no ring)
Will     .....                  (no ring)
Stlth    ++........             (no ring)
HPRegen  0.16/turn              (no ring)
MPRegen  0.11/turn              (no ring)
                                (no ring)
                                (no ring)

@: no status effects
A: almost no armour, amphibious, 8 rings, camouflage 1, gelatinous body 1,
(nimble swimmer 1), tentacles
a: no special abilities


You were on level 6 of the Dungeon.
You visited 1 branch of the dungeon, and saw 6 of its levels.

You collected 233 gold pieces.
You spent 152 gold pieces at shops.


Innate Abilities, Weirdness & Mutations

You cannot wear most types of armour.
You are amphibious.
You can wear up to eight rings at the same time.
Your skin changes colour to match your surroundings (Stealth+).
Your rubbery body absorbs attacks. (AC +1, EV +1)
((You are camouflaged near water. (Stealth+)))
You have tentacles for arms and can constrict up to eight enemies at once.


   Skills:
 - Level 1.0 Fighting
 - Level 2.0 Crossbows
 + Level 7.6 Dodging
 + Level 7.2 Unarmed Combat
 - Level 1.0 Spellcasting
 - Level 3.0 Hexes


You had 8 spell levels left.
You knew the following spells:

 Your Spells              Type           Power      Damage    Failure   Level
Z - Corona                Hex            11%        N/A       7%          1

Your spell library contained the following spells:

 Spells                   Type           Power      Damage    Failure   Level
 Slow                     Hex            10%        N/A       10%         2
 Static Discharge         Conj/Air       0%         N/A       34%         2
 Inner Flame              Hex/Fire       5%         N/A       36%         3
 Portal Projectile        Hex/Tloc       10%        N/A       36%         3
 Cause Fear               Hex            5%         N/A       54%         4
 Lightning Bolt           Conj/Air       0%         1d11      99%         5
 Maxwell's Capacitive Co  Air            0%         ∞         100%        8

Inventory:

Hand Weapons
 a - a +0 hand crossbow
Missiles
 c - 43 bolts
Armour
 j - a +2 hat (worn)
Wands
 n - a wand of paralysis (8)
 r - a wand of iceblast (8)
Scrolls
 b - a scroll of magic mapping
 g - 2 scrolls of fog
 i - 3 scrolls of fear
 k - 2 scrolls of immolation {!r}
 l - 2 scrolls of blinking
 q - 2 scrolls of teleportation {@r4}
 s - 2 scrolls of vulnerability {!r}
Potions
 d - 2 potions of curing {unknown}
 e - a potion of berserk rage {unknown}
 f - 2 potions of lignification {!q}
 h - a potion of heal wounds {@q2}
 m - 2 potions of degeneration {unknown}
 o - 2 potions of flight {unknown}
 p - a potion of attraction {unknown}

Dungeon Overview and Level Annotations

Branches:
Dungeon (6/15)
 Temple: D:4-7

Altars:
Cheibriados

Shops:
D:3 * D:5

** .▒. .(. ▒.▒
▒.▒▒▒▒ ▒.▒▒..
▒.▒▒.▒ ▒.▒▒.▒
▒<▒▒.▒ ▒▒▒▒ ▒x▒▒.▒
▒..▒▒▒▒▒▒
▒g▒▒.▒▒▒▒▒.<......
▒(......[.........
▒(......▒.▒▒▒▒▒▒▒▒
▒▒.▒.▒▒.▒.▒▒
▒.▒.▒▒...[▒▒
▒(▒.▒▒.....▒▒▒▒▒▒
▒▒▒.▒.▒.[..........
▒.....)........▒▒▒▒


You could see a gnoll sergeant.


Message History

The gnoll sergeant is lightly wounded.
The gnoll sergeant hits you from afar with a +2 spear of venom!
You are poisoned.
You feel very sick.
You see here 2 bolts.
You feel sick.
You feel sick.
Items here: )) [[ †.
You feel sick.
The gnoll sergeant throws a stone.
The stone hits you.
You feel sick.
There is a stone staircase leading up, spattered with blood here.
You shoot a bolt. The bolt hits the gnoll sergeant!
The gnoll sergeant is heavily wounded.
You feel sick.
The gnoll sergeant throws a stone.
The stone hits you.
You shoot a bolt.
The bolt hits the gnoll sergeant but does no damage.
The gnoll sergeant is heavily wounded.
You feel sick.
The gnoll sergeant hits you from afar with a +2 spear of venom!
* * * LOW HITPOINT WARNING * * *
You are now empty-tentacled.
You feel sick.
You are no longer poisoned.
The gnoll sergeant hits you with a +2 spear of venom!
You die...

Action                   |  1- 3 |  4- 6 |  7- 9 || total
-------------------------+-------+-------+-------++-------
Melee: Unarmed           |    79 |   111 |    87 ||   277
       Constrict         |    20 |    22 |    14 ||    56
       Tentacles         |    14 |    20 |    12 ||    46
       Punch             |     3 |     1 |     5 ||     9
 Fire: Hand crossbow     |    23 |    57 |    62 ||   142
  Use: Potion            |       |       |     3 ||     3
       Scroll            |       |       |     6 ||     6
 Stab: Sleeping          |     7 |     6 |       ||    13
Armor: Skin              |    10 |    16 |    10 ||    36
Dodge: Dodged            |    64 |    77 |    61 ||   202

Levels and vault maps discovered:
D:1:      psy_arrival_wood_between_worlds, layout_basic
D:2:      layout_basic, dilly_ecumenical_altar_fadedgnrine, basic_altar,
          st_stairs_7
D:3:      layout_loops_ring, serial_shops, shop, minmay_misc_feat_square,
          uniq_terence
D:4:      layout_basic
D:5:      layout_gridville, serial_shops, shop_statue, nicolae_square_shop,
          minmay_tree_intersection
D:6:      layout_loops_ring, serial_shops, nicolae_shop_stone, uniq_sigmund

Notes
Turn   | Place    | Note
-------+----------+-------------------------------------------
     0 | D:1      | sanka the Octopode Arcane Marksman began the quest for the
                  | Orb.
     0 | D:1      | Reached XP level 1. HP: 13/13 MP: 2/2
    50 | D:1      | Reached skill level 1 in Unarmed Combat
    50 | D:1      | Reached XP level 2. HP: 18/18 MP: 3/3
   551 | D:1      | Reached XP level 3. HP: 23/23 MP: 4/4
  1266 | D:2      | Reached skill level 3 in Dodging
  1266 | D:2      | Reached skill level 2 in Unarmed Combat
  1573 | D:2      | Reached XP level 4. HP: 28/28 MP: 5/5
  1884 | D:2      | Found a faded altar of an unknown god.
  1933 | D:2      | Found a snail-covered altar of Cheibriados.
  2551 | D:3      | Noticed Terence
  2559 | D:3      | Killed Terence
  2728 | D:3      | Reached skill level 3 in Unarmed Combat
  2731 | D:3      | Reached XP level 5. HP: 33/33 MP: 6/6
  2770 | D:3      | Found Welos's General Store.
  2785 | D:3      | Bought a potion of heal wounds for 55 gold pieces
  3109 | D:4      | Reached skill level 4 in Dodging
  3817 | D:5      | Entered Level 5 of the Dungeon
  3817 | D:5      | Found Binnigal's Assorted Antiques.
  3959 | D:5      | Reached XP level 6. HP: 35/38 MP: 7/7
  4022 | D:5      | Reached skill level 4 in Unarmed Combat
  4149 | D:5      | Noticed a black bear
  4158 | D:5      | Killed a black bear
  4159 | D:5      | Reached skill level 5 in Dodging
  4444 | D:5      | Reached XP level 7. HP: 32/43 MP: 8/8
  4525 | D:5      | Reached skill level 5 in Unarmed Combat
  4727 | D:5      | Reached skill level 6 in Dodging
  5210 | D:5      | Reached skill level 6 in Unarmed Combat
  5210 | D:5      | Reached XP level 8. HP: 22/48 MP: 9/9
  5387 | D:5      | Found Vapru's General Store.
  5395 | D:5      | Bought a scroll of identify for 26 gold pieces
  5635 | D:3      | Bought a scroll of teleportation for 33 gold pieces
  5635 | D:3      | Bought a scroll of fear for 38 gold pieces
  6026 | D:5      | Reached skill level 7 in Dodging
  6467 | D:6      | Noticed Sigmund
  7018 | D:6      | Killed Sigmund
  7019 | D:6      | Reached skill level 7 in Unarmed Combat
  7156 | D:6      | Slain by a gnoll sergeant

Vanquished Creatures
  Sigmund (D:6)
  A water moccasin (D:5)
  An orc warrior (D:5)
  A black bear (D:5)
  An ogre (D:5)
  A scorpion (D:6)
  A wyvern zombie (D:5)
  A water moccasin skeleton (D:5)
  3 wights (D:6)
  A jelly (D:5)
  A howler monkey (D:5)
  3 hounds
  An orc priest (D:5)
  2 orc wizards
  3 iguanas
  Terence (D:3)
  A hound zombie (D:5)
  6 adders
  4 gnolls
  A shadow imp (D:6)
  A white imp (D:5)
  A worm (D:2)
  2 dart slugs (D:3)
  10 orcs
  4 endoplasms
  4 giant cockroaches
  4 hobgoblins
  12 jackals
  4 quokkas
  10 ball pythons
  5 bats
  2 frilled lizards (D:2)
  4 goblins
  A jackal skeleton (D:4)
  5 kobolds
  4 rats
108 creatures vanquished.

Vanquished Creatures (others)
  3 plants (D:2)
3 creatures vanquished.

Grand Total: 111 creatures vanquished
